 Dungeon Crawl Stone Soup version 0.30-a0-6-g7c9e10e132 (webtiles) character file.

Game seed: 13177491529584865511

42 drpainis the Insei (level 3, 0/26 HPs)
             Began as a Merfolk Transmuter on Aug 22, 2022.
             Was a Follower of Okawaru.
             Slain by an adder (3 damage)
             ... on level 2 of the Dungeon.
             The game lasted 00:02:14 (1939 turns).

drpainis the Insei (Merfolk Transmuter)             Turns: 1939, Time: 00:02:14

Health: 0/26       AC:  2    Str: 12    XL:     3   Next: 56%
Magic:  6/6        EV: 13    Int: 12    God:    Okawaru [*.....]
Gold:   138        SH:  0    Dex: 14    Spells: 3/6 levels left

rFire   . . .      SeeInvis .    d - +0 hand axe
rCold   . . .      Faith    .    (no shield)
rNeg    . . .      Spirit   .    a - +0 robe
rPois   .          Reflect  .    (helmet currently unavailable)
rElec   .          Harm     .    (no cloak)
rCorr   .          Rampage  .    (no gloves)
Will    .....                    (boots currently unavailable)
Stlth   ++........               (no amulet)
HPRegen 0.08/turn                (no ring)
MPRegen 0.10/turn                (no ring)

@: appendages (expiring)
A: horns 2, (nimble swimmer 2), mertail
a: End Transformation, Renounce Religion, Heroism


You were on level 2 of the Dungeon.
You worshipped Okawaru.
Okawaru was aware of your devotion.
You had temporarily grown beastly horns.
You visited 1 branch of the dungeon, and saw 2 of its levels.

You collected 138 gold pieces.

Inventory:

Hand Weapons
 d - a +0 hand axe (weapon)
 o - a +1 dagger of holy wrath
Armour
 a - a +0 robe (worn)
Scrolls
 c - 2 scrolls of identify {unknown}
 f - 3 scrolls of butterflies {unknown}
 i - a scroll of teleportation {unknown}
 k - a scroll of silence {unknown}
 l - a scroll of enchant weapon {unknown}
 m - a scroll of fear {unknown}
 n - a scroll of poison {unknown}
Potions
 b - a potion of lignification
 e - a potion of heal wounds {unknown}
 g - a potion of haste {unknown}
 h - a potion of resistance {unknown}
 j - a potion of mutation {unknown}


   Skills:
 + Level 1.2 Fighting
 + Level 0.7 Axes
 + Level 3.1 Dodging
 + Level 0.6 Stealth
 + Level 3.8 Unarmed Combat
 + Level 2.3 Spellcasting
 + Level 3.1 Transmutations


You had 3 spell levels left.
You knew the following spells:

 Your Spells              Type           Power      Damage    Failure   Level
a - Beastly Appendage     Tmut           16%        N/A       8%          1
b - Wereblood             Tmut           8%         N/A       11%         2

Your spell library contained the following spells:

 Spells                   Type           Power      Damage    Failure   Level
 Spider Form              Tmut/Pois      5%         N/A       38%         3
 Ice Form                 Ice/Tmut       5%         N/A       80%         4


Dungeon Overview and Level Annotations

Branches:
Dungeon (2/15)

Altars:
Okawaru

Annotations:
D:2 Jessica


Innate Abilities, Weirdness & Mutations

You have temporarily grown beastly horns.
((You are very nimble when in or above water. (Stealth+, EV+, Speed+++)))
Your lower body shifts to a powerful aquatic tail in water.


Message History

The frilled lizard hisses angrily.
Casting: Beastly Appendage (safe; 8% risk of failure)
Confirm with . or Enter, or press ? or * to list all spells.
You grow a pair of large bovine horns.
The frilled lizard closely misses you. The frilled lizard bites you.
You hit the frilled lizard.
You kill the frilled lizard!
Okawaru accepts your kill.
Jessica shouts!
You hear a shout!
An adder comes into view.
A hobgoblin comes into view.
Found 6 poisoned darts and a smoky amethyst potion.
The hobgoblin shouts!
The adder hisses angrily.
Jessica casts a spell at you. Pain shoots through your body!
You closely miss Jessica. Jessica casts a spell at you.
Pain shoots through your body! Jessica hits you with a +0 club.
You closely miss Jessica. Your headbutt misses Jessica. You hit the adder.
You hit the hobgoblin. The adder bites you. Jessica hits you with a +0 club.
The hobgoblin misses you. The adder attacks as you move away!
The adder misses you. Jessica attacks as you move away!
Jessica closely misses you.
Your transformation is almost over.
Jessica casts a spell.
Jessica blinks!
The hobgoblin misses you. The adder closely misses you.
The adder attacks as you move away! The adder misses you.
Found 9 stones.
The adder attacks as you move away! The adder bites you.
* * * LOW HITPOINT WARNING * * *
The adder bites you.
* * * LOW HITPOINT WARNING * * *
The adder attacks as you move away! The adder closely misses you.
A rat comes into view.
You catch the helpless rat completely off-guard!
You hit the rat. You headbutt the rat.
You kill the rat!
Okawaru accepts your kill.
You closely miss the adder. The adder bites you.
You die...

####....##
###.##.#.# ...@...§+
..##<#.#
#....#############..
##.#................
#(###..#.....#######
#!#(#..##.....# # #
#..###.....# ##S#
#.....# #@.###†....#
#...###......# ##
##..# #......######.
.?.. #.............
..... #.........###.
#.....##.........#
#.
#.....##.........#
#.
#.....##.........#
#. ##........# ##


You could see an adder.

Vanquished Creatures
  A worm (D:2)
  2 dart slugs
  2 endoplasms (D:1)
  5 hobgoblins
  2 jackals (D:2)
  A quokka (D:2)
  A ball python (D:1)
  5 bats
  3 frilled lizards (D:2)
  9 goblins
  A kobold (D:1)
  2 rats
34 creatures vanquished.

Notes
Turn   | Place    | Note
-------+----------+-------------------------------------------
     0 | D:1      | drpainis the Merfolk Transmuter began the quest for the
                  | Orb.
     0 | D:1      | Reached XP level 1. HP: 15/15 MP: 3/3
   250 | D:1      | You fall into a shaft and drop 1 floor!
   317 | D:1      | Reached XP level 2. HP: 21/21 MP: 5/5
  1309 | D:2      | Found a faded altar of an unknown god.
  1321 | D:2      | Prayed at the altar of an unknown god.
  1321 | D:2      | Became a worshipper of Warmaster Okawaru
  1321 | D:2      | Reached * piety under Okawaru
  1411 | D:2      | Learned a level 2 spell: Wereblood
  1526 | D:2      | Reached XP level 3. HP: 25/26 MP: 3/6
  1923 | D:2      | Noticed Jessica
  1939 | D:2      | Slain by an adder

Illustrated notes

Levels and vault maps discovered:
D:1:      dpeg_arrival_radiant, layout_rooms
D:2:      cheibrodos_greedy_goblins, layout_basic, ebering_ecumenical_altar_box,
          minmay_pentomino_x4, uniq_jessica

Skill      XL: |  1  2 |
---------------+-------+-----
Dodging        | 3 |  3.1
Transmutations | 3 |  3.1
Fighting       | |  1.2
Axes           | |  0.7
Stealth        | |  0.6
Unarmed Combat | |  3.8
Spellcasting   | |  2.3

Action                   || total
-------------------------++-------
Melee: Unarmed           ||    38
       Headbutt          ||    10
       Hand axe          ||    63
       Punch             ||     3
 Cast: Beastly Appendage ||    19
       Wereblood         ||     2
 Stab: Distracted        ||     1
Armor: Robe              ||    25
Dodge: Dodged            ||    94

Table legend: (Time is in decaauts)
 A = Elapsed time spent in this place.
 B = Non-inter-level travel time spent in this place.
 C = Inter-level travel time spent in this place.
 D = Time resting spent in this place.
 E = Time spent auto-exploring this place.
 F = Levels seen in this place.
 G = Mean time per level.
                   A        B        C        D        E       F      G
               +--------+--------+--------+--------+--------+-----+--------+
         Total |   1953 |   1921 |     32 |    195 |   1381 |   2 |  976.5 |
       Dungeon |   1953 |   1921 |     32 |    195 |   1381 |   2 |  976.5 |
               +--------+--------+--------+--------+--------+-----+--------+

Top non-repeatable levels by time:
     D:1: 991 daAuts
     D:2: 962 daAuts
